 Dungeon Crawl Stone Soup version 0.22-a0-271-gc000056 (webtiles) character file.

56 tidbits the Insei (level 3, 0/28 HPs)
             Began as a Gnoll Transmuter on Mar 11, 2018.
             Slain by Crazy Yiuf
             ... wielding a +3 quarterstaff of chaos
              (1 damage)
             ... on level 3 of the Dungeon.
             The game lasted 00:02:27 (290 turns).

tidbits the Insei (Gnoll Transmuter)                 Turns: 290, Time: 00:02:27

Health: 0/28       AC:  2    Str: 12    XL:     3   Next: 97%
Magic:  8/9        EV: 20    Int: 16    God:
Gold:   11         SH:  0    Dex: 18    Spells: 9/12 levels left

rFire    . . .     SeeInvis .     - Unarmed
rCold    . . .     Gourm    .   (no shield)
rNeg     . . .     Faith    .   b - +0 robe
rPois    .         Spirit   .   (no helmet)
rElec    .         Reflect  .   (no cloak)
rCorr    +         Harm     .   (no gloves)
MR       .....                  (boots currently unavailable)
Stlth    +++.......             (no amulet)
HPRegen  0.09/turn              e - ring of resist corrosion
MPRegen  0.11/turn              (no ring)

@: agile, appendage
A: distributed training, fangs 1, talons 3, clumsy 1, wild magic 1, strong nose
a: End Transformation


You were on level 3 of the Dungeon.
You were not hungry.
You had grown temporary talons.
You visited 1 branch of the dungeon, and saw 3 of its levels.

You collected 11 gold pieces.

Inventory:

Hand Weapons
 g - a +0 dagger
Missiles
 a - 12 arrows
Armour
 b - a +0 robe (worn)
Jewellery
 e - a ring of resist corrosion (left hand)
   (You found it on level 2 of the Dungeon)
Potions
 h - a potion of ambrosia
Comestibles
 d - 4 rations


   Skills:
 + Level 2.6 Fighting
 + Level 1.0 Short Blades
 + Level 1.0 Long Blades
 + Level 1.0 Axes
 + Level 1.0 Maces & Flails
 + Level 1.0 Polearms
 + Level 1.0 Staves
 + Level 1.0 Slings
 + Level 1.0 Bows
 + Level 1.0 Crossbows
 + Level 1.0 Throwing
 + Level 1.0 Armour
 + Level 4.6 Dodging
 + Level 1.0 Stealth
 + Level 1.0 Shields
 + Level 6.5 Unarmed Combat
 + Level 5.0 Spellcasting
 + Level 0.7 Conjurations
 + Level 0.7 Hexes
 + Level 0.7 Charms
 + Level 0.7 Summonings
 + Level 0.7 Necromancy
 + Level 0.7 Translocations
 + Level 3.8 Transmutations
 + Level 0.7 Fire Magic
 + Level 0.7 Ice Magic
 + Level 0.7 Air Magic
 + Level 0.7 Earth Magic
 + Level 0.7 Poison Magic
 + Level 1.0 Invocations
 + Level 1.0 Evocations


You had 9 spell levels left.
You knew the following spells:

 Your Spells              Type           Power        Failure   Level  Hunger
e - Beastly Appendage     Tmut           ###...       5%          1    None
k - Sticks to Snakes      Tmut           ###.....     8%          2    #......


Dungeon Overview and Level Annotations

Branches:
Dungeon (3/15)

Altars:

Annotations:
D:3 Crazy Yiuf


Innate Abilities, Weirdness & Mutations

Your experience applies equally to all skills.
You have very sharp teeth.
Your uncanny sense of smell can sniff out nearby items.
You have claws for feet.
You are clumsy. (Dex -2)
Your spells are a little harder to cast, but a little more powerful.


Message History

Vesto's ghost misses you.
You punch Vesto's ghost! Your kick misses Vesto's ghost.
Vesto's ghost is moderately damaged.
Vesto's ghost completely misses you.
You punch Vesto's ghost!
Vesto's ghost is heavily damaged.
The leopard gecko hisses menacingly.
Vesto's ghost hits you.
* * * LOW HITPOINT WARNING * * *
You hit Vesto's ghost. You claw Vesto's ghost.
Vesto's ghost is almost destroyed.
You barely miss Vesto's ghost.
Vesto's ghost is almost destroyed.
Vesto's ghost completely misses you.
You barely miss Vesto's ghost. Your kick misses Vesto's ghost.
Vesto's ghost is almost destroyed.
Vesto's ghost barely misses you.
You closely miss Vesto's ghost.
Vesto's ghost is almost destroyed.
Vesto's ghost closely misses you.
You barely miss Vesto's ghost.
You claw Vesto's ghost, but do no damage.
Vesto's ghost is almost destroyed.
Vesto's ghost completely misses you.
You hit Vesto's ghost.
You claw Vesto's ghost, but do no damage.
Vesto's ghost is almost destroyed.
Your transformation is almost over.
Vesto's ghost misses you.
You closely miss Vesto's ghost.
You claw Vesto's ghost, but do no damage.
Vesto's ghost is almost destroyed.
Vesto's ghost completely misses you.
You hit Vesto's ghost but do no damage. You claw Vesto's ghost.
You bite Vesto's ghost, but do no damage.
Vesto's ghost is almost destroyed.
Vesto's ghost misses you.
You hit Vesto's ghost but do no damage. Your kick misses Vesto's ghost.
Vesto's ghost is almost destroyed.
Vesto's ghost closely misses you.
You hit Vesto's ghost.
You destroy Vesto's ghost!
Your Short Blades skill increases to level 1!
Your Long Blades skill increases to level 1!
Your Axes skill increases to level 1!
Your Maces & Flails skill increases to level 1!
Your Polearms skill increases to level 1!
Your Staves skill increases to level 1!
Your Slings skill increases to level 1!
Your Bows skill increases to level 1!
Your Crossbows skill increases to level 1!
Your Throwing skill increases to level 1!
Your Armour skill increases to level 1!
Your Stealth skill increases to level 1!
Your Shields skill increases to level 1!
Your Spellcasting skill increases to level 5!
Your Invocations skill increases to level 1!
Your Evocations skill increases to level 1!
You have reached level 3!
Your experience leads to an increase in your attributes!
Your base attributes are Str 12, Int 15, Dex 15.
Increase (S)trength, (I)ntelligence, or (D)exterity?
You feel clever.
You hit the leopard gecko but do no damage.
Your kick misses the leopard gecko. The leopard gecko barely misses you.
You hit the leopard gecko.
The leopard gecko is severely wounded.
The leopard gecko completely misses you.
You punch the leopard gecko!
You kill the leopard gecko!
Your talons disappear.
You see here a hunting sling.
Unknown command.
You see here a mace.
You see here a mace.
Found a runed door.
Wield which item (- for none, * to show all)? (? for menu, Esc to quit)
g - a +0 dagger (weapon)
You open the door.
Crazy Yiuf the Enlightened comes into view.
He is wielding a quarterstaff of chaos.
Found a mace.
There is an open door here.
Crazy Yiuf misses you.
Unknown command.
Wield which item (- for none, * to show all)? (? for menu, Esc to quit)
You are now empty-handed.
Casting: Beastly Appendage (safe; 5% risk of failure)
Confirm with . or Enter, or press ? or * to list all spells.
Your feet morph into talons.
Crazy Yiuf hits you with a quarterstaff of chaos!
* * * LOW HITPOINT WARNING * * *
Unknown command.
You hit Crazy Yiuf. You bite Crazy Yiuf, but do no damage.
Crazy Yiuf is lightly wounded.
Crazy Yiuf hits you with a quarterstaff of chaos.
* * * LOW HITPOINT WARNING * * *
Okay, then.
You closely miss Crazy Yiuf. You claw Crazy Yiuf.
Crazy Yiuf is lightly wounded.
Crazy Yiuf hits you with a quarterstaff of chaos.
You die...

♣♣...♣
#.....#....
♣♣.♣♣
#####.#....
♣♣.♣
#.....'....
♣.♣♣
#####.#....
♣♣.♣
#.#....
♣.♣♣
#.#....
##'##
#####''....
#...#
#..........
#@..#
#....[.....
#)g.#
#......####
#####
#..<...#
#......#
##......#
#.......#
#.......#
#..†....#
#.......#


You could see Crazy Yiuf.

Vanquished Creatures
  The ghost of Vesto the Skirmisher, a weakling MiFi (D:3)
  2 leopard geckos (D:3)
  2 bats
  A quokka (D:2)
  4 rats
10 creatures vanquished.

Notes
Turn   | Place    | Note
-------+----------+-------------------------------------------
     0 | D:1      | tidbits the Gnoll Transmuter began the quest for the Orb.
     0 | D:1      | Reached XP level 1. HP: 17/17 MP: 6/6
   131 | D:2      | Reached XP level 2. HP: 22/23 MP: 5/7
   135 | D:2      | Learned a level 2 spell: Sticks to Snakes
   243 | D:3      | Noticed Vesto's ghost (weakling MiFi)
   247 | D:3      | Gained mutation: You are clumsy. (Dex -2) [potion of mutation]
   247 | D:3      | Gained mutation: Your spells are a little harder to cast, but a little more powerful. [potion of mutation]
   264 | D:3      | Killed Vesto's ghost
   264 | D:3      | Reached skill level 1 in Short Blades
   264 | D:3      | Reached skill level 1 in Long Blades
   264 | D:3      | Reached skill level 1 in Axes
   264 | D:3      | Reached skill level 1 in Maces & Flails
   264 | D:3      | Reached skill level 1 in Polearms
   264 | D:3      | Reached skill level 1 in Staves
   264 | D:3      | Reached skill level 1 in Slings
   264 | D:3      | Reached skill level 1 in Bows
   264 | D:3      | Reached skill level 1 in Crossbows
   264 | D:3      | Reached skill level 1 in Throwing
   264 | D:3      | Reached skill level 1 in Armour
   264 | D:3      | Reached skill level 1 in Stealth
   264 | D:3      | Reached skill level 1 in Shields
   264 | D:3      | Reached skill level 5 in Spellcasting
   264 | D:3      | Reached skill level 1 in Invocations
   264 | D:3      | Reached skill level 1 in Evocations
   264 | D:3      | Reached XP level 3. HP: 12/28 MP: 7/9
   278 | D:3      | Found a runed door.
   283 | D:3      | Noticed Crazy Yiuf
   289 | D:3      | HP: 1/28 [Crazy Yiuf/quarterstaff of chaos (2)]
   290 | D:3      | Slain by Crazy Yiuf

Vault maps used:
D:1:      scummos_arrival_simple_fountains
D:2:      nicolae_overflow_crystal_walls, amethyst_overflow_temple_binary,
          tso_altar, uniq_natasha
D:3:      moated_statue, nemelex_diamond_rough_becter, uniq_crazy_yiuf_cottage

Skill      XL: |  1  2 |
---------------+-------+-----
Short Blades   | 1 |  1.0
Long Blades    | 1 |  1.0
Axes           | 1 |  1.0
Maces & Flails | 1 |  1.0
Polearms       | 1 |  1.0
Staves         | 1 |  1.0
Slings         | 1 |  1.0
Bows           | 1 |  1.0
Crossbows      | 1 |  1.0
Throwing       | 1 |  1.0
Armour         | 1 |  1.0
Stealth        | 1 |  1.0
Shields        | 1 |  1.0
Spellcasting   | 5 |  5.0
Invocations    | 1 |  1.0
Evocations     | 1 |  1.0
Fighting       | |  2.6
Dodging        | |  4.6
Unarmed Combat | |  6.5
Conjurations   | |  0.7
Hexes          | |  0.7
Charms         | |  0.7
Summonings     | |  0.7
Necromancy     | |  0.7
Translocations | |  0.7
Transmutations | |  3.8
Fire Magic     | |  0.7
Ice Magic      | |  0.7
Air Magic      | |  0.7
Earth Magic    | |  0.7
Poison Magic   | |  0.7

Action                   || total
-------------------------++-------
Melee: Unarmed           ||    32
       Headbutt          ||     2
       Bite              ||     3
       Kick              ||     7
       Dagger            ||     1
 Cast: Beastly Appendage ||     6
  Use: Potion            ||     3
 Stab: Sleeping          ||     1
Armor: Robe              ||     1
Dodge: Dodged            ||    19

Table legend:
 A = Spawn XP
 B = Non-spawn XP
 C = Spawn XP percentage of total XP
 D = Spawn monster count
 E = Non-spawn monster count
 F = Spawn count percentage of total count
 G = Total turns spent on level
                    A         B        C        D         E        F      G
               +---------+---------+-------+---------+---------+-------+---------
         Total |       0 |      81 |   0.0 |       0 |      10 |   0.0 |   290
               +---------+---------+-------+---------+---------+-------+---------
           D:1 |       0 |       2 |   0.0 |       0 |       2 |   0.0 |    80
           D:2 |       0 |       6 |   0.0 |       0 |       4 |   0.0 |   117
           D:3 |       0 |      73 |   0.0 |       0 |       4 |   0.0 |    93
               +---------+---------+-------+---------+---------+-------+---------

Table legend:
 A = Turns spent in this place as a percentage of turns spent in the entire game.
 B = Non-inter-level travel turns spent in this place as a percentage of non-inter-level travel turns spent in the entire game.
 C = Inter-level travel turns spent in this place as a percentage of turns spent in this place.
 D = Turns resting spent in this place as a percentage of non-inter-level travel turns spent in this place.
 E = Turns spent auto-exploring this place as a percentage of non-inter-level travel turns spent in this place.
 F = Non-inter-level travel turns spent in this place divided by the number of levels of this place that you've seen.
                   A       B       C       D       E      F
               +-------+-------+-------+-------+-------+----------------------
         Total | 100.0 | 100.0 |   6.6 |   0.0 |   0.0 |  90.3
       Dungeon | 100.0 | 100.0 |   6.6 |   0.0 |   0.0 |  90.3
               +-------+-------+-------+-------+-------+----------------------

Table legend:
 A = Kills in this place as a percentage of kills in entire the game.
 B = Kills by you in this place as a percentage of kills by you in the entire game.
 C = Kills by friends in this place as a percentage of kills by friends in the entire game.
 D = Other kills in this place as a percentage of other kills in the entire game.
 E = Experience gained in this place as a percentage of experience gained in the entire game.
 F = Experience gained in this place divided by the number of levels of this place that you have seen.
                   A       B       C       D       E      F
               +-------+-------+-------+-------+-------+----------------------
         Total | 100.0 | 100.0 |   N/A |   N/A | 100.0 |  27.0
       Dungeon | 100.0 | 100.0 |   N/A |   N/A | 100.0 |  27.0
               +-------+-------+-------+-------+-------+----------------------

Vault maps used:
D:1:      scummos_arrival_simple_fountains
D:2:      nicolae_overflow_crystal_walls, amethyst_overflow_temple_binary,
          tso_altar, uniq_natasha
D:3:      moated_statue, nemelex_diamond_rough_becter, uniq_crazy_yiuf_cottage
